FIQ, neutral female sylph Wizard ---- ------------ ---- ---- |..----.|.--.--..-------------..| --..| ----- |................%.........(..).-------- |...| ------.|.---- ---.---..........----%--------....%.(%.| |..-- --..--.....|.---- |...|-.........----..| ----.----.--|..| --.>.............-- ------^..--..--......|....| |...||...|..--- |.................-- |..|.......---|.......*.%-- --.-.----.|....| |....---.|.........| |..........------.|.....## |......||...--.--- --.--- ----........| --...........| -----...| --..--.---..||.[.------ ---.......-- |-..........------ |...-- |..--...|..|---..|.-- ---.....----- |.............|..| |....--- --....|.---| --...(Y-----.......| |.............|..----.....| |....|....--|...[.&@G.d.......^----- |.--..............------..| ---...--...-|....-------.........|.--- |.|--.|..........*..|------ ---..^....|-..-- --.............-- |.------............|..| ---.......|---- --.).............| |..-- --..............---- |.........-- --...............-- |...| ---.--....--....|.-- --..........| --.............---- ---.| ---|...----......| |..........-- |..---........-- --- |..-- --.....| --.........| |..| --<.--.--- ---- ----..| ----.--.--- ---- ------- ---- ------ FIQ the Thaumaturge Experience level: 8 Strength: 12 Dexterity: 19 Constitution: 11 Intelligence: 19 Wisdom: 9 Charisma: 9 Health: 0(61) Energy: 91(91) Def: 1 Gold: 30 Moves: 3567 Dungeon seed: kGo22WQU270ddoZl Game ID: FIQ_1440081699 Your Inventory: Coins $ - 30 gold pieces Amulets U - a cursed amulet of strangulation Weapons a - a blessed +1 quarterstaff (weapon in hands) p - 5 uncursed +0 daggers Armor e - an uncursed +0 cloak of magic resistance (being worn) r - an uncursed +0 pair of elven boots y - an uncursed +0 pair of elven boots Comestibles g - an uncursed tripe ration v - an uncursed fortune cookie A - 3 uncursed food rations H - 3 uncursed lichen corpses M - 3 uncursed slime molds Scrolls s - an uncursed scroll of destroy armor u - an uncursed scroll of confuse monster Wands w - an uncursed wand of sleep (0:5) D - an uncursed wand of enlightenment (0:10) T - a blessed wand of magic missile (0:3) Tools b - an uncursed bag of holding c - an uncursed oilskin sack i - an uncursed sack k - an uncursed skeleton key l - an uncursed oil lamp (lit) (0:722) o - an uncursed magic marker (0:54) t - an uncursed blindfold Gems n - an uncursed worthless piece of black glass q - an uncursed worthless piece of green glass N - an uncursed worthless piece of yellow glass Y - an uncursed jade stone Contents of the bag of holding: a blessed scroll of confuse monster an uncursed scroll of confuse monster a blessed scroll of create monster 2 uncursed scrolls of genocide an uncursed scroll of gold detection an uncursed scroll of identify an uncursed scroll of remove curse an uncursed scroll of teleportation an uncursed scroll of water a cursed potion of booze an uncursed potion of fruit juice an uncursed potion of full healing 2 uncursed potions of gain energy a blessed potion of healing an uncursed potion of healing an uncursed potion of levitation an uncursed potion of restore ability an uncursed potion of see invisible an uncursed potion of sleeping an uncursed ring of invisibility an uncursed ring of shock resistance an uncursed ring of stealth an uncursed ring of warning an uncursed wand of create monster (0:14) an uncursed wand of secret door detection (0:12) Spells and supernatural/magical abilities: Name Level Category Fail Memory b - force bolt 1 attack 0% 83% m - magic missile 2 attack 0% 83% r - remove curse 3 clerical 71% 86% v - clairvoyance 3 divination 71% 83% W - pray for help -- divine ? -- Your skills at the end: Fighting Skills Weapon Skills quarterstaff [Basic] Spellcasting Skills attack spells [Basic] enchantment spells [Basic] Final Attributes: You were devoutly aligned. You were poison resistant. You were magic-protected. You saw invisible. You had infravision. You were stealthy. You were held by an owlbear. You were protected from shape changers. You are dead. Vanquished creatures: a trapper a dwarf king an ettin zombie 2 Grey-elves a giant beetle a quivering blob a cockatrice a leprechaun 2 giant spiders a vampire bat a gnome king a Green-elf a dwarf lord a soldier ant 7 gnome lords a gnomish wizard a red naga hatchling a black naga hatchling a gray ooze 4 giant ants 12 dwarves a rabid rat a centipede a killer bee a coyote 4 hobbits a giant rat a brown mold a yellow mold 28 gnomes 2 garter snakes a gnome zombie 3 geckos 3 jackals a kobold 2 goblins a sewer rat 5 grid bugs 7 lichens a kobold zombie 2 newts 110 creatures vanquished. Voluntary challenges: You were vegetarian. You had followed a strict vegan diet until turn 2320. You used a wielded weapon 127 times, starting on turn 51. You read items or engraved 19 times, starting on turn 586. You never genocided any monsters. You never polymorphed an object. You never changed form. You used no wishes. You never split a pudding. You wrote Elbereth's name 2 times, starting on turn 3074. You violated your moral code, losing 1 point of alignment, starting on turn 3247. Dungeon overview: The Dungeons of Doom: levels 1 to 3 Level 1 a fountain a long staircase Level 2 Level 3 a sink stairs to The Gnomish Mines The Gnomish Mines: levels 4 to 10 Level 4 stairs to The Dungeons of Doom Level 5 Level 6 many shops, a temple to Anhur, some fountains Level 7 Level 8 Level 9 Level 10 <- You were here History has recorded: On T:1 you entered the Dungeons of Doom to retrieve the Amulet of Yendor! On T:302 you reached level 2 of The Dungeons of Doom. On T:617 you advanced to experience level 2. On T:728 you reached level 3 of The Dungeons of Doom. On T:825 you reached level 1 of The Gnomish Mines. On T:861 you advanced to experience level 3. On T:954 you advanced to experience level 4. On T:1314 you reached level 2 of The Gnomish Mines. On T:1332 you advanced to experience level 5. On T:1381 you reached level 3 of The Gnomish Mines. On T:1974 you reached level 4 of The Gnomish Mines. On T:1983 you advanced to experience level 6. On T:2367 you reached level 5 of The Gnomish Mines. On T:2455 you reached level 6 of The Gnomish Mines. On T:2466 you advanced to experience level 7. On T:2799 you reached level 7 of The Gnomish Mines. On T:3253 you advanced to experience level 8. Score breakdown: Gold: 30 ( 3 points) Experience: 8 levels ( 700 points) Exploration: 10 levels ( 270 points) Discoveries: 9 items ( 450 points) Variety of kills: 41 monsters ( 2000 points) Major goal: (nothing yet) ( 0 points) Survival: died (score multiplied by 3) Total score: 10269 Latest messages: The Grey-elf hits! The gnome lord wields a dagger! You put an uncursed potion called 200 black into the bag called bag of holding. You put an uncursed potion called 200 cyan into the bag called bag of holding. You put an uncursed potion called 50 bubbly into the bag called bag of holding. You put a cursed potion called 50 swirly into the bag called bag of holding. D - an uncursed wand of enlightenment. t - an uncursed blindfold. k - an uncursed key. l - an uncursed lamp (lit). Y - an uncursed green gem. q - an uncursed green gem. N - an uncursed yellow gem. A green gem lands on the altar. The owlbear hits! (2x) You are being crushed. You die... Final status: Goodbye FIQ the Wizard, killed by an owlbear... You died in The Gnomish Mines on dungeon level 10 with 10269 points, and 30 pieces of gold, after 3567 moves. You were level 8 with a maximum of 61 hit points when you died.